 Dungeon Crawl Stone Soup version 0.31-a0-986-g5e6e4ef867 (webtiles) character file.

Game seed: 5267555233809781928

39786 pokeman the Eclecticist (level 13, -4/74 HPs)
             Began as a Deep Elf Hedge Wizard on Nov 23, 2023.
             Was a High Priest of Vehumet.
             Slain by a flying skull (8 damage)
             ... in a Gauntlet.
             The game lasted 00:40:26 (16179 turns).

pokeman the Eclecticist (Deep Elf Hedge Wizard)    Turns: 16179, Time: 00:40:27

Health: -4/74      AC: 10    Str:  7    XL:     13   Next: 71%
Magic:  47/47      EV: 12    Int: 31    God:    Vehumet [*****.]
Gold:   570        SH:  5    Dex: 14    Spells: 20/50 levels left

rFire   + + +        p - staff of fire
rCold   x x .        (no shield)
rNeg    . . .        J - +3 salamander hide armour {Flames, rFlCloud rF++ rC--}
rPois   .            C - +0 helmet
rElec   .            i - +0 cloak
rCorr   .            n - +0 pair of gloves
SInv    .            (no boots)
Will    +....        Q - amulet of reflection
Stlth   ++           S - +6 ring of intelligence
HPRegen 0.32/turn    H - ring of magical power
MPRegen 0.30/turn

%: no teleportation, reflection
@: no status effects
A: no striking features
a: Renounce Religion


You were in a Gauntlet.
You worshipped Vehumet.
Vehumet was extremely pleased with you.
You visited 1 branch of the dungeon, and saw 15 of its levels.
You also visited: Ossuary and Gauntlet.

You collected 1015 gold pieces.
You spent 445 gold pieces at shops.

Inventory:

Hand Weapons
 u - a +2 dagger of electrocution
 D - the +8 dagger of the Past {heavy, rF+ Str-2 Dex+5 SInv}
   (You found it on level 6 of the Dungeon)

   Str-2:     It affects your strength (-2).
   Dex+5:     It affects your dexterity (+5).
   rF+:       It protects you from fire.
   SInv:      It lets you see invisible.
 E - the +10 flail "Elf's Curse" {drain, Str+4}
   (You found it on level 6 of the Dungeon)

   Str+4:     It affects your strength (+4).
Missiles
 y - 13 curare-tipped darts
 A - 4 throwing nets
Armour
 i - a +0 cloak (worn)
 n - a +0 pair of gloves (worn)
 C - a +0 helmet (worn)
 J - the +3 salamander hide armour (worn) {Flames, rFlCloud rF++ rC--}
   (You bought it in a shop on level 2 of the Dungeon)

   Flames:    It surrounds you with flame clouds and enhances your fire magic.
   rFlCloud:  It grants immunity to flame clouds.
   rF++:      It greatly protects you from fire.
   rC--:      It makes you very vulnerable to cold.
Magical Staves
 p - a staff of fire (weapon)
 v - a staff of conjuration
Jewellery
 b - a ring of positive energy
 x - a ring of wizardry
 F - a ring of protection from fire
 H - a ring of magical power (right hand)
 Q - an amulet of reflection (around neck)
 S - a +6 ring of intelligence (left hand)
 T - an amulet of guardian spirit
Wands
 w - a wand of roots (11)
 K - a wand of flame (28)
 L - a wand of charming (9)
 M - a wand of mindburst (18)
 N - a wand of light (5)
Scrolls
 c - 3 scrolls of enchant weapon
 e - a scroll of identify
 h - 4 scrolls of poison
 l - 8 scrolls of teleportation
 m - 4 scrolls of vulnerability
 r - a scroll of immolation
 s - 4 scrolls of blinking
 B - 7 scrolls of fear
 I - 2 scrolls of noise
 P - a scroll of enchant armour
Potions
 a - 4 potions of curing
 d - 4 potions of magic
 f - 2 potions of haste {unknown}
 g - a potion of lignification {unknown}
 j - 9 potions of heal wounds {unknown}
 k - 2 potions of might {unknown}
 o - 2 potions of enlightenment {unknown}
 q - 2 potions of invisibility {unknown}
 t - 3 potions of mutation {unknown}
 z - a potion of ambrosia {unknown}
 G - 3 potions of attraction {unknown}
 O - a potion of resistance {unknown}
 R - 2 potions of berserk rage {unknown}
 U - 2 potions of brilliance {unknown}


   Skills:
 - Level 6.0 Fighting
 + Level 6.3 Armour
 - Level 3.0 Dodging
 - Level 3.0 Stealth
 * Level 19.4 Spellcasting
 + Level 12.3 Conjurations
 - Level 1.1 Summonings
 - Level 1.1 Translocations
 + Level 11.4 Fire Magic
 - Level 1.0 Ice Magic
 - Level 1.1 Air Magic
 - Level 1.2 Poison Magic
 - Level 1.1 Evocations


You had 20 spell levels left.
You knew the following spells:

 Your Spells              Type           Power      Damage    Failure   Level
a - Magic Dart            Conj           100%       1d8       0%          1
b - Mephitic Cloud        Conj/Pois/Air  57%        N/A       1%          3
c - Call Imp              Summ           72%        N/A       1%          2
d - Blink                 Tloc           72%        N/A       1%          2
e - Foxfire               Conj/Fire      100%       2x1d9     0%          1
f - Fireball              Conj/Fire      62%        3d24      1%          5
g - Freezing Cloud        Conj/Ice/Air   28%        6-21      1%          5
h - Orb of Destruction    Conj           41%        9d11      2%          7
i - Iskenderun's Mystic   Conj/Tloc      64%        2d13      1%          4

Your spell library contained the following spells:

 Spells                   Type           Power      Damage    Failure   Level
 Airstrike                Air            18%        2d(3-19)  3%          4
 Freeze                   Ice            100%       1d10      1%          1
 Slow                     Hex            100%       N/A       1%          1
 Cigotuvi's Dreadful Rot  Necr/Pois/Air  70%        N/A       1%          2
 Lesser Beckoning         Tloc           72%        N/A       1%          2
 Poisonous Vapours        Pois/Air       74%        N/A       1%          2
 Frozen Ramparts          Ice            72%        1d11      1%          3
 Hailstorm                Conj/Ice       64%        3d14      1%          3
 Volatile Blastmotes      Fire/Tloc      100%       2d18      1%          3
 Fulminant Prism          Conj/Hex       31%        3d15      1%          4
 Ensorcelled Hibernation  Hex/Ice        66%        N/A       2%          2
 Passwall                 Tmut/Erth      25%        N/A       2%          2
 Ozocubu's Armour         Ice            36%        N/A       3%          3
 Swiftness                Air            37%        N/A       3%          3
 Summon Guardian Golem    Hex/Summ       33%        N/A       4%          3
 Manifold Assault         Tloc           36%        N/A       11%         4
 Dispel Undead            Necr           30%        3d14      17%         4
 Spellforged Servitor     Conj/Summ      32%        N/A       24%         7
 Metabolic Englaciation   Hex/Ice        16%        N/A       36%         5
 Lehudib's Crystal Spear  Conj/Erth      31%        10d8      89%         8
 Ozocubu's Refrigeration  Ice            18%        4d11      90%         7
 Simulacrum               Ice/Necr       16%        N/A       91%         6
 Death Channel            Necr           15%        N/A       95%         6


Dungeon Overview and Level Annotations

Branches:
Dungeon (15/15)            Temple (0/1) D:5            Lair (0/5) D:8
    Orc (0/2) D:10         Vaults (0/5) D:13         Depths (0/4) D:15
Ossuary (visited)         Gauntlet (1/1)

Altars:
Ashenzari
Fedhas
Gozag
Kikubaaqudgha
Okawaru
Ru
Sif Muna
Trog
Uskayaw
Vehumet
Wu Jian
Xom
Zin

Shops:
D:2 *   D:4 *   D:5 !   D:6 *

Annotations:
Gauntlet 9 transporters, 3 runed translucent doors


Message History

The flying skull is engulfed in blazing flames.
You destroy the flying skull!
Vehumet accepts your kill.
The flying skull is engulfed in blazing flames.
The flying skull hits you but does no damage.
The flying skull is engulfed in freezing vapours. x2
You destroy the flying skull!
Vehumet accepts your kill.
Unknown command.
Unknown command.
Casting: Freezing Cloud (dangerous; 1% risk of failure)
Confirm with . or Enter, or press ? or * to list all spells.
A tiny devil pulls itself out of the air.
The flying skull is engulfed in blazing flames.
The flying skull hits you but does no damage.
The flying skull is engulfed in blazing flames.
The flying skull hits you.
* * * LOW HITPOINT WARNING * * *
The flying skull is engulfed in blazing flames.
The flying skull hits you!
* * * LOW HITPOINT WARNING * * *
The flying skull is engulfed in blazing flames.
You destroy the flying skull!
Vehumet accepts your kill.
You feel your power returning.
Unknown command.
Unknown command.
Unknown command.
Unknown command.
The flying skull is engulfed in blazing flames.
Your magical contamination has completely faded away.
Unknown command.
The flying skull is engulfed in blazing flames.
The flying skull attacks as it pursues you!
The flying skull barely misses you.
The flying skull is engulfed in blazing flames.
The flying skull closely misses your cerulean imp.
The flying skull is engulfed in blazing flames.
The flying skull hits you!
You die...

# ### ### ### ### ### ### ### ###
###≈###≈###≈###≈###≈###≈###≈###≈#
≈#≈≈≈#≈≈≈#≈≈≈#≈≈≈#≈≈≈#≈≈≈#≈≈≈#≈≈≈
.................................
########...#########...#########.
..##...#.8.#z○○z@☼.#.8.#...ZZ..#.
.#...###...#.5#z#☼!#...###.###.#.
.#..#..#####§.#.#..######...#..##
..#©#.©#©.©#..#©#.©#©.©##.#©#.©#©
..#..#.#...#..#.#..#...#..#Z..!#.
##...#.#...#..#.#.)#...#B###.#)#.
...##..#8©8#.......#8©8#BZZZ...#8
#################################
.................................


You could see 3 flying skulls and a friendly cerulean imp (summoned).

Vanquished Creatures
  A fire dragon (D:13)
  Erolcha (D:10)
  3 vault guards (D:13)
  2 centaur warriors
  A two-headed ogre (D:11)
  A boulder beetle (D:13)
  A death knight (D:13)
  2 tengu warriors (D:14)
  A soul eater (Gauntlet)
  Lodul (D:10)
  Sonja (D:10)
  5 skeletal warriors
  3 necromancers (D:13)
  2 arcanists (D:13)
  4 manticores
  4 cyclopes
  An ugly thing (D:8)
  A black mamba (shapeshifter) (D:13)
  3 gargoyles
  Maggie (D:8)
  2 freezing wraiths (D:13)
  2 unseen horrors
  A yaktaur (shapeshifter) (D:13)
  A tengu conjurer (D:14)
  A queen bee (shapeshifter) (D:14)
  5 trolls
  A large abomination (Gauntlet)
  10 flying skulls (Gauntlet)
  A vampire (D:12)
  Sigmund (D:4)
  5 slime creatures
  2 shadows
  Eustachio (D:4)
  A wraith (D:13)
  2 wyverns
  26 yaks
  A basilisk (D:12)
  A human (shapeshifter) (D:13)
  16 humans (D:13)
  A steam dragon (D:10)
  7 vampire mosquitoes
  5 small abominations (Gauntlet)
  4 acid dragons
  3 water moccasins
  4 orc warriors
  A sky beast (D:6)
  A black bear (D:6)
  3 ice beasts
  8 ogres
  A wolf (D:10)
  10 centaurs
  3 kobold brigands
  A bullfrog (D:9)
  2 gnoll sergeants
  4 scorpions
  4 water moccasin zombies (Ossuary)
  13 wights
  7 killer bees (D:9)
  7 electric eels
  A howler monkey (D:5)
  10 hounds
  5 orc priests
  A sleepcap (D:5)
  11 orc wizards
  Natasha (thrice) (D:3)
  3 gnoll boudas
  An iguana (D:4)
  2 centaur simulacra
  2 hound skeletons (D:5)
  2 mummies (Ossuary)
  A howler monkey skeleton (D:5)
  7 adders
  30 gnolls
  7 shadow imps
  5 white imps
  4 adder zombies
  4 adder skeletons (D:5)
  A worm (D:2)
  2 dart slugs
  32 orcs
  2 ball pythons
  6 bats
  9 endoplasms
  3 giant cockroaches
  5 goblins
  6 hobgoblins
  9 jackals
  16 kobolds
  A frilled lizard (D:1)
  A gnoll zombie (Ossuary)
  7 hobgoblin zombies (Ossuary)
  4 kobold zombies (Ossuary)
  7 orc zombies (Ossuary)
  9 rats
427 creatures vanquished.

Vanquished Creatures (collateral kills)
  2 water moccasin zombies (Ossuary)
  An adder zombie (Ossuary)
  A hobgoblin zombie (Ossuary)
4 creatures vanquished.

Vanquished Creatures (others)
  301 foxfires
301 creatures vanquished.

Grand Total: 732 creatures vanquished

Notes
Turn   | Place    | Note
-------+----------+-------------------------------------------
     0 | D:1      | pokeman the Deep Elf Hedge Wizard began the quest for the
                  | Orb.
     0 | D:1      | Reached XP level 1. HP: 10/10 MP: 7/7
   285 | D:1      | Reached XP level 2. HP: 16/16 MP: 2/9
   591 | D:1      | Reached skill level 5 in Spellcasting
   849 | D:1      | Reached XP level 3. HP: 20/20 MP: 8/11
   858 | D:1      | Learned a level 3 spell: Mephitic Cloud
   861 | D:1      | Learned a level 2 spell: Call Imp
   864 | D:1      | Learned a level 2 spell: Blink
  1610 | D:2      | Found a faded altar of an unknown god.
  1701 | D:2      | Reached skill level 1 in Fighting
  2000 | D:2      | Reached skill level 1 in Armour
  2593 | D:2      | Found Padaegg's General Store.
  3014 | D:3      | Noticed Natasha
  3024 | D:3      | Killed Natasha
  3025 | D:3      | Reached XP level 4. HP: 25/25 MP: 4/13
  3105 | D:3      | Noticed Natasha
  3111 | D:3      | Killed Natasha
  3186 | D:3      | Noticed Natasha
  3194 | D:3      | Killed Natasha
  3195 | D:3      | Reached skill level 6 in Spellcasting
  3272 | D:3      | Reached XP level 5. HP: 29/29 MP: 10/15
  3568 | D:3      | Found a hide-covered altar of Uskayaw.
  3591 | D:3      | Found an iron altar of Okawaru.
  3627 | D:3      | Found a shimmering altar of Xom.
  3994 | D:4      | Noticed Sigmund
  4010 | D:4      | Killed Sigmund
  4011 | D:4      | Reached XP level 6. HP: 34/34 MP: 12/17
  4099 | D:4      | Found a radiant altar of Vehumet.
  4104 | D:4      | Became a worshipper of Vehumet
  4114 | D:4      | Noticed Eustachio
  4142 | D:4      | Killed Eustachio
  4143 | D:4      | Reached skill level 1 in Fire Magic
  4143 | D:4      | Reached skill level 1 in Air Magic
  4143 | D:4      | Reached skill level 1 in Poison Magic
  4143 | D:4      | Reached skill level 1 in Evocations
  4161 | D:4      | Reached skill level 5 in Conjurations
  4211 | D:4      | Reached XP level 7. HP: 38/38 MP: 17/19
  4408 | D:4      | Found Mohiguy's General Store.
  4418 | D:4      | Bought a scroll of teleportation for 36 gold pieces
  4916 | D:4      | Reached skill level 7 in Spellcasting
  5389 | D:5      | Entered Level 5 of the Dungeon
  5462 | D:5      | Found a bloodstained altar of Trog.
  5512 | D:5      | Found Riatol's Distillery.
  5633 | D:5      | Found a sand-covered staircase.
  5653 | Ossuary  | Entered an ossuary
  5669 | Ossuary  | Reached * piety under Vehumet
  5669 | Ossuary  | Offered knowledge of Kiss of Death by Vehumet.
  5679 | Ossuary  | Reached skill level 8 in Spellcasting
  5716 | Ossuary  | Reached XP level 8. HP: 12/44 MP: 22/22
  5728 | Ossuary  | HP: 1/44 [water moccasin zombie (3)]
  6603 | D:5      | Reached skill level 9 in Spellcasting
  6694 | D:5      | Found a staircase to the Ecumenical Temple.
  6748 | D:5      | Bought a potion of curing for 30 gold pieces
  6757 | D:5      | Found a shimmering blue altar of Sif Muna.
  6847 | D:5      | Found a blossoming altar of Fedhas.
  6857 | D:5      | Found a sacrificial altar of Ru.
  7484 | D:5      | Offered knowledge of Foxfire by Vehumet.
  7493 | D:5      | Learned a level 1 spell: Foxfire
  7646 | D:6      | Reached ** piety under Vehumet
  7661 | D:6      | Reached skill level 10 in Spellcasting
  7722 | D:6      | Found Onniol's Profane Products.
  7809 | D:6      | Identified the +8 dagger of the Past {heavy, rF+ Str-2
                  | Dex+5 SInv}
  7911 | D:6      | Reached XP level 9. HP: 33/50 MP: 18/25
  7992 | D:6      | Found a glowing silver altar of Zin.
  8042 | D:6      | Identified the +10 flail "Elf's Curse" {drain, Str+4}
  8217 | D:7      | Learned a level 4 spell: Iskenderun's Mystic Blast
  8225 | D:7      | Learned a level 7 spell: Orb of Destruction
  8297 | D:7      | Reached skill level 5 in Fire Magic
  8349 | D:7      | Offered knowledge of Poisonous Vapours by Vehumet.
  8458 | D:7      | Reached skill level 11 in Spellcasting
  8716 | D:7      | Found a broken altar of Ashenzari.
  8851 | D:8      | Identified the "Umega"
  9076 | D:8      | Found an ancient bone altar of Kikubaaqudgha.
  9112 | D:8      | Reached *** piety under Vehumet
  9198 | D:8      | Reached skill level 12 in Spellcasting
  9282 | D:8      | Found a staircase to the Lair.
  9398 | D:2      | Bought the +3 salamander hide armour {Flames, rFlCloud rF++
                  | rC--} for 379 gold pieces
  9398 | D:2      | Found the +3 salamander hide armour {Flames, rFlCloud rF++
                  | rC--}
  9521 | D:8      | Noticed a white ugly thing
  9524 | D:8      | Noticed a troll
  9533 | D:8      | Killed a white ugly thing
  9534 | D:8      | Reached XP level 10. HP: 19/56 MP: 28/28
  9534 | D:8      | Noticed a gargoyle
  9697 | D:8      | Killed a gargoyle
  9697 | D:8      | Offered knowledge of Olgreb's Toxic Radiance by Vehumet.
 10099 | D:8      | Noticed Maggie
 10107 | D:8      | Killed Maggie
 10291 | D:9      | Identified the of Ywieges
 10296 | D:9      | Reached skill level 13 in Spellcasting
 10359 | D:9      | Found an ornate altar of the Wu Jian Council.
 10394 | D:9      | Reached **** piety under Vehumet
 10406 | D:9      | Learned a level 5 spell: Freezing Cloud
 10435 | D:9      | Reached skill level 1 in Ice Magic
 10447 | D:9      | Offered knowledge of Fireball by Vehumet.
 10454 | D:9      | Learned a level 5 spell: Fireball
 10755 | D:9      | Reached skill level 14 in Spellcasting
 11069 | D:10     | Entered Level 10 of the Dungeon
 11116 | D:10     | Noticed a gargoyle
 11119 | D:10     | Killed a gargoyle
 11119 | D:10     | Noticed Sonja
 11120 | D:10     | Reached XP level 11. HP: 61/61 MP: 27/31
 11120 | D:10     | Killed Sonja
 11300 | D:10     | Noticed Lodul
 11306 | D:10     | Killed Lodul
 11373 | D:10     | Noticed Erolcha
 11385 | D:10     | Reached skill level 15 in Spellcasting
 11387 | D:10     | Killed Erolcha
 11685 | D:10     | Found a staircase to the Orcish Mines.
 11762 | D:10     | Found an opulent altar of Gozag.
 11996 | D:11     | Reached skill level 5 in Fighting
 12262 | D:11     | Reached skill level 10 in Conjurations
 12431 | D:11     | Noticed a two-headed ogre
 12433 | D:11     | Killed a two-headed ogre
 12513 | D:11     | Reached skill level 16 in Spellcasting
 12514 | D:11     | Reached ***** piety under Vehumet
 12607 | D:11     | Reached XP level 12. HP: 35/68 MP: 27/34
 13380 | D:12     | Offered knowledge of Plasma Beam by Vehumet.
 13784 | D:12     | Noticed a centaur warrior
 13785 | D:12     | Reached skill level 17 in Spellcasting
 13787 | D:12     | Killed a centaur warrior
 14373 | D:13     | Reached skill level 10 in Fire Magic
 14388 | D:13     | Noticed a fire dragon
 14421 | D:13     | Killed a fire dragon
 14493 | D:13     | Reached skill level 5 in Armour
 14612 | D:13     | Noticed a vault guard
 14614 | D:13     | Noticed a vault guard
 14616 | D:13     | Reached skill level 18 in Spellcasting
 14618 | D:13     | Killed a vault guard
 14619 | D:13     | Reached XP level 13. HP: 74/74 MP: 35/37
 14740 | D:13     | Found a gate to the Vaults.
 15340 | D:14     | Found a blossoming altar of Fedhas.
 15388 | D:14     | Reached skill level 19 in Spellcasting
 15391 | D:14     | Offered knowledge of Airstrike by Vehumet.
 15500 | D:14     | You fall into a shaft and drop 1 floor!
 15500 | D:15     | Entered Level 15 of the Dungeon
 15517 | D:15     | Found a staircase to the Depths.
 15518 | D:15     | Noticed a stone giant
 15645 | D:14     | Found a gate leading to a gauntlet.
 15654 | Gauntlet | Entered a Gauntlet
 15654 | Gauntlet | Found a transporter.
 15659 | Gauntlet | Found a transporter.
 15662 | Gauntlet | Found a transporter.
 15667 | Gauntlet | Found a transporter.
 15673 | Gauntlet | Found a transporter.
 15677 | Gauntlet | Found a transporter.
 15682 | Gauntlet | Found a transporter.
 15691 | Gauntlet | Found a transporter.
 15692 | Gauntlet | Found a transporter.
 15697 | Gauntlet | Found a transporter.
 15704 | Gauntlet | Found a transporter.
 15708 | Gauntlet | Found a transporter.
 15713 | Gauntlet | Found a transporter.
 15716 | Gauntlet | Found a runed translucent gate.
 15716 | Gauntlet | Found a runed translucent gate.
 15719 | Gauntlet | Found a runed translucent gate.
 15719 | Gauntlet | Found a transporter.
 16179 | Gauntlet | Slain by a flying skull

Illustrated notes

Levels and vault maps discovered:
D:1:      onia_arrival_mini_maze_b, layout_basic
D:2:      layout_basic, shapermc_ecumenical_altar_notcrosses, serial_shops, shop
D:3:      layout_rooms, mainiacjoe_overflow_big_doors,
          mainiacjoe_overflow_alcove_4, uniq_natasha
D:4:      layout_layer_cave, vehumet_crystals, serial_shops, nicolae_shop_stone,
          minivault_23, uniq_eustachio, uniq_sigmund
D:5:      layout_loops_ring, nicolae_overflow_crystal_walls,
          amethyst_overflow_temple_binary, mainiacjoe_overflow_paths,
          minmay_temple_entry_ruins, mainiacjoe_ossuary_entry_find_the_door,
          serial_shops, nicolae_shop_trees, dreamdust_gnoll_farm
D:6:      layout_rooms, mainiacjoe_overflow_catwalk, nicolae_evil_shop
D:7:      layout_cave_pools, lemuel_round_altar
D:8:      layout_loops_cross, kiku_gazebo_pond_becter, erik_lair_island,
          minmay_between, uniq_maggie
D:9:      layout_loops_ring, kennysheep_little_box, dk_rats_in_the_wall
D:10:     layout_rooms, mainiacjoe_overflow_cross_hatched, orc_0_dummy,
          serial_ice, serial_ice_d, serial_ice_e, serial_ice_l, serial_ice_m,
          serial_ice_f, water_boxes_lemuel, uniq_sonja, uniq_erolcha, uniq_lodul
D:11:     layout_stronghold
D:12:     layout_cross, serial_rivers, chequers_serial_rivers_micro_e,
          chequers_serial_rivers_micro_c, chequers_serial_rivers_large_b,
          chequers_serial_rivers_small_a, minmay_unpleasant_kobolds
D:13:     layout_rooms, grunt_vaults_entry_tiered
D:14:     layout_long_grid, fedhas_altar_2, gauntlet_entry_generic,
          nicolae_antique_artefacts
D:15:     grunt_enter_depths_giant_problem, layout_basic,
          minmay_misc_feat_more_columns, grunt_ministairs_10,
          minmay_misc_feat_chi, nicolae_gozag_cash_rules_everything_around_me,
          uniq_rupert
Gauntlet: gammafunk_gauntlet_77_escape_option
          [minmay_gauntlet_arena_77_checkered,
          minmay_gauntlet_arena_77_squiggly,
          minmay_gauntlet_arena_77_chump_sandwich,
          minmay_gauntlet_arena_77_broken_ladder,
          minmay_gauntlet_arena_77_run_for_it, gauntlet_exit_green]

Skill      XL: |  1  2  3  4  5  6  7  8  9 10 11 12 13 |
---------------+----------------------------------------+-----
Spellcasting   | 5 6 8 10 12 14 16 18 19 | 19.4
Fighting       | 1 2 3 4 5 6 |  6.0
Armour         | 1 3 4 5 6 |  6.3
Conjurations   | 2 4 5 6 7 9 10 11 12 | 12.3
Dodging        | 3 |  3.0
Stealth        | 3 |  3.0
Fire Magic     | 1 3 4 6 7 9 10 11 | 11.4
Air Magic      | 1 |  1.1
Poison Magic   | 1 |  1.2
Evocations     | 1 |  1.1
Ice Magic      | 1 |  1.0
Summonings     | |  1.1
Translocations | |  1.1

Action                     |  1- 3 |  4- 6 |  7- 9 | 10-12 | 13-15 || total
---------------------------+-------+-------+-------+-------+-------++-------
  Melee: Dagger            |    17 |       |   245 |    52 |       ||   314
         Punch             |     1 |     3 |     6 |       |       ||    10
         Trident           |     5 |    43 |     3 |       |       ||    51
         Staff             |       |       |       |    11 |     7 ||    18
   Cast: Magic Dart        |   107 |    51 |   100 |       |       ||   258
         Mephitic Cloud    |     1 |     7 |    18 |     9 |     1 ||    36
         Call Imp          |       |       |     9 |       |     1 ||    10
         Foxfire           |       |       |   149 |    19 |       ||   168
         Blink             |       |       |     4 |     1 |     2 ||     7
         Fireball          |       |       |       |    83 |    39 ||   122
         Freezing Cloud    |       |       |       |     3 |     2 ||     5
         Orb of Destructio |       |       |       |     2 |       ||     2
  Evoke: Wand              |       |       |     2 |       |     2 ||     4
    Use: Potion            |       |       |     1 |       |       ||     1
         Scroll            |       |       |       |       |     8 ||     8
   Stab: Sleeping          |     1 |       |     5 |       |       ||     6
         Confused          |       |     7 |     7 |     2 |       ||    16
 Armour: Robe              |    23 |    20 |   164 |       |       ||   207
         Leather armour    |       |       |     1 |    72 |    48 ||   121
  Dodge: Dodged            |    16 |    23 |   169 |    58 |    17 ||   283
  Block: Other             |       |       |       |       |     8 ||     8
         Reflection        |       |       |       |       |     1 ||     1

Table legend: (Time is in decaauts)
 A = Elapsed time spent in this place.
 B = Non-inter-level travel time spent in this place.
 C = Inter-level travel time spent in this place.
 D = Time resting spent in this place.
 E = Time spent auto-exploring this place.
 F = Levels seen in this place.
 G = Mean time per level.
                   A        B        C        D        E       F      G
               +--------+--------+--------+--------+--------+-----+--------+
         Total |  16284 |  15474 |    810 |    508 |  12171 |  17 |  957.9 |
       Dungeon |  14938 |  14128 |    810 |    386 |  11377 |  15 |  995.9 |
       Ossuary |    819 |    819 |      0 |    122 |    463 |   1 |  819.0 |
      Gauntlet |    525 |    525 |      0 |      0 |    331 |   1 |  525.0 |
               +--------+--------+--------+--------+--------+-----+--------+

Top non-repeatable levels by time:
     D:4: 1667 daAuts
     D:2: 1576 daAuts
    D:11: 1420 daAuts
     D:1: 1323 daAuts
     D:5: 1320 daAuts
     D:8: 1156 daAuts
    D:13: 1008 daAuts
    D:12: 990 daAuts
     D:3: 935 daAuts
    D:10: 883 daAuts
     D:7: 855 daAuts
 Ossuary: 819 daAuts
     D:9: 788 daAuts
     D:6: 678 daAuts
Gauntlet: 525 daAuts
